 Dungeon Crawl Stone Soup version 0.22-a0-196-gee22f27 (webtiles) character file.

24446 4thArraOfDagon the Fencer (level 13, -5/86 HPs)
             Began as a Halfling Fighter on Feb 17, 2018.
             Was a Priest of Cheibriados.
             Slain by a death yak simulacrum (28 damage)
             ... in an ice cave.
             The game lasted 00:37:07 (7703 turns).

4thArraOfDagon the Fencer (Halfling Fighter)        Turns: 7703, Time: 00:37:08

Health: -5/86      AC: 16    Str: 25    XL:     13   Next: 42%
Magic:  18/28      EV: 20    Int: 20    God:    Cheibriados [***...]
Gold:   612        SH: 11    Dex: 23    Spells: 12/12 levels left

rFire    . . .     SeeInvis .   o - +3 scimitar (freeze)
rCold    . . .     Gourm    .   c - +0 shield
rNeg     . . .     Faith    .   N - +4 troll leather armour
rPois    .         Spirit   .   e - +3 hat of Pondering {ponderous, MR+ MP+10 Int+5}
rElec    .         Reflect  .   M - +0 cloak
rCorr    .         Harm     .   C - +1 pair of gloves
MR       +....                  t - +0 pair of boots
Stlth    ++........             u - amulet of regeneration
HPRegen  1.04/turn              F - ring of wizardry
MPRegen  0.21/turn              I - -3 ring of intelligence

@: very slow
A: small, mutation resistance 1
a: Bend Time, Temporal Distortion, Renounce Religion


You were in an ice cave.
You worshipped Cheibriados.
Cheibriados was most pleased with you.
You were very hungry.

You visited 1 branch of the dungeon, and saw 13 of its levels.
You also visited: Sewer and Ice Cave.

You collected 898 gold pieces.
You spent 286 gold pieces at shops.

Inventory:

Hand Weapons
 a - a +1 long sword
 o - a +3 scimitar of freezing (weapon)
Armour
 b - a +0 scale mail
 c - a +0 shield (worn)
 e - the +3 hat of Pondering (worn) {ponderous, MR+ MP+10 Int+5}
   (You took it off Gastronok on level 10 of the Dungeon)

   It affects your intelligence (+5).
   It affects your resistance to hostile enchantments.
   It affects your magic capacity (+10).
 t - a +0 pair of boots (worn)
 w - a +0 scale mail
 x - a +0 helmet
 C - a +1 pair of gloves (worn)
 H - +0 steam dragon scales
 M - a +0 cloak (worn)
 N - a +4 troll leather armour (worn)
Jewellery
 k - an uncursed amulet of rage
 u - an amulet of regeneration (around neck)
 F - a ring of wizardry (left hand)
 I - a -3 ring of intelligence (right hand)
Wands
 B - a wand of polymorph (12)
 D - a wand of digging (25)
 E - a wand of acid (6)
 J - a wand of clouds (2)
Scrolls
 l - 2 scrolls of teleportation
 n - 3 scrolls of fog
 p - a scroll of remove curse
 r - 2 scrolls of immolation
 s - 3 scrolls of enchant weapon
 v - a scroll of fear
 A - 4 scrolls of identify
 G - a scroll of vulnerability
 K - a scroll of acquirement
Potions
 d - 2 potions of might
 g - a potion of mutation {unknown}
 h - 2 potions of agility
 i - 3 potions of magic
 j - 3 potions of curing
 m - 3 potions of ambrosia
 q - a potion of flight
 z - a potion of brilliance
Books
 L - a book of the Sky

   Spells                             Type                      Level
   a - Summon Lightning Spire         Summoning/Air                4
   b - Silence                        Hexes/Air                    5
   c - Deflect Missiles               Charms/Air                   6
   d - Conjure Ball Lightning         Conjuration/Air              6
   e - Tornado                        Air                          9
Comestibles
 f - 23 rations


   Skills:
 - Level 7.5 Fighting
 * Level 16.6 Long Blades
 - Level 4.1 Armour
 - Level 8.2 Dodging
 - Level 3.2 Shields
 - Level 7.0 Invocations
 - Level 2.6 Evocations


You had 12 spell levels left.
You didn't know any spells.

Dungeon Overview and Level Annotations

Branches:
Dungeon (13/15)            Temple (0/1) D:7             Orc (0/2) D:12
   Lair: D:8-11      Vaults: D:13-14

Altars:
Cheibriados
Elyvilon
Makhleb
Nemelex Xobeh
Qazlal
Ru
Sif Muna
Vehumet
Xom

Shops:
D:5 !   D:13 [

Annotations:
D:4 kegs's ghost, amateur HOFi
D:8 tilp's ghost, novice MfIE


Innate Abilities, Weirdness & Mutations

You are small and have problems with some larger weapons.
You are somewhat resistant to further mutation.


Message History

Unknown command.
Unknown command.
You hit the death yak simulacrum but do no damage.
The death yak simulacrum is moderately damaged.
Unknown command.
You slash the death yak simulacrum!
The death yak simulacrum is severely damaged.
The death yak simulacrum gores you. The death yak simulacrum freezes you!!
Unknown command.
You hit the death yak simulacrum.
The death yak simulacrum is severely damaged.
The death yak simulacrum gores you. The death yak simulacrum freezes you!!
Unknown command.
You can feel time thicken for a moment.
You feel somewhat more hungry.
You can no longer inflict damage on those overly hasty.
Cheibriados lowers the support of your attributes as your movement quickens.
The death yak simulacrum gores you!
* * * LOW HITPOINT WARNING * * *
The death yak simulacrum freezes you!!
You die...

#### ##
##..##
##..##....##
#..........#
......Z∩.∩.#
..##..§@...#
###....##
##..## ####


You could see a death yak simulacrum.

Vanquished Creatures
  Gastronok (D:10)
  2 centaur warriors (D:13)
  4 two-headed ogres
  An unseen horror (D:11)
  2 deep elf magi (D:13)
  3 ugly things
  A manticore (D:9)
  A gargoyle (D:11)
  2 komodo dragons
  4 trolls
  Grinder (D:5)
  3 hornets
  2 hippogriffs
  4 wyverns
  A shadow (D:12)
  21 yaks
  2 hungry ghosts
  2 steam dragons (D:9)
  An acid dragon (D:11)
  Duvessa (D:7)
  2 orc warriors
  6 phantoms
  2 ice beasts
  A hornet zombie (D:13)
  A black bear (D:11)
  4 eyes of draining
  2 necrophages
  12 centaurs
  10 ogres
  2 crocodiles (D:13)
  A big kobold (D:7)
  3 bullfrogs
  Dowan (D:7)
  6 scorpions
  3 troll zombies (D:12)
  11 killer bees
  15 wights
  A swamp dragon simulacrum (IceCv)
  5 crimson imps
  4 centaur zombies
  A quasit (D:8)
  4 hounds
  8 jellies
  A bullfrog zombie (D:5)
  A gnoll shaman (D:8)
  5 orc priests
  4 centaur skeletons
  6 bullfrog skeletons
  8 orc wizards
  5 iguanas
  8 worker ants
  2 wolf simulacra (IceCv)
  5 ogre zombies (D:12)
  A hound skeleton (D:6)
  A worker ant zombie (D:5)
  9 adders
  9 gnolls
  3 shadow imps
  An adder skeleton (D:7)
  4 worms
  A dart slug (D:2)
  2 leopard geckos
  48 orcs
  A ball python (D:6)
  3 bats
  3 giant cockroaches
  18 goblins
  11 hobgoblins
  10 jackals
  21 kobolds
  3 quokkas
  3 frilled lizards
  2 goblin skeletons (D:12)
  3 goblin zombies (D:12)
  2 hobgoblin skeletons (D:12)
  6 hobgoblin zombies (D:12)
  2 leopard gecko skeletons
  4 orc skeletons (D:12)
  7 orc zombies (D:12)
  A quokka zombie (D:5)
  5 rats
393 creatures vanquished.

Vanquished Creatures (others)
  A howler monkey skeleton (D:9)
  7 plants (D:10)
8 creatures vanquished.

Grand Total: 401 creatures vanquished

Notes
Turn   | Place    | Note
-------+----------+-------------------------------------------
     0 | D:1      | 4thArraOfDagon the Halfling Fighter began the quest for the Orb.
     0 | D:1      | Reached XP level 1. HP: 15/15 MP: 1/1
   133 | D:1      | Reached XP level 2. HP: 17/20 MP: 2/2
   444 | D:3      | Reached skill level 1 in Dodging
   444 | D:3      | Reached XP level 3. HP: 25/25 MP: 3/3
   526 | D:3      | Reached skill level 1 in Evocations
   564 | D:3      | Found a glowing drain.
   592 | D:3      | Reached XP level 4. HP: 31/31 MP: 4/4
   675 | D:3      | Reached skill level 3 in Long Blades
   700 | Sewer    | Entered a sewer
   814 | D:4      | Reached XP level 5. HP: 36/36 MP: 6/6
   826 | D:4      | Noticed a necrophage
   849 | D:4      | Killed a necrophage
   849 | D:4      | Reached XP level 6. HP: 17/40 MP: 7/7
   873 | D:4      | Found a snail-covered altar of Cheibriados.
   881 | D:4      | Became a worshipper of Cheibriados the Contemplative
  1004 | D:3      | Was placed under penance by Cheibriados
  1022 | D:3      | Was forgiven by Cheibriados
  1359 | D:3      | Was placed under penance by Cheibriados
  1363 | D:3      | Was forgiven by Cheibriados
  1421 | D:4      | Was placed under penance by Cheibriados
  1422 | D:4      | Reached skill level 4 in Long Blades
  1422 | D:4      | Reached skill level 1 in Invocations
  1442 | D:4      | Noticed kegs's ghost (amateur HOFi)
  1447 | D:4      | You fall through a shaft for 3 floors!
  1507 | D:6      | Was forgiven by Cheibriados
  1507 | D:6      | Reached XP level 7. HP: 27/44 MP: 8/8
  1528 | D:6      | Fell from the grace of Cheibriados
  1587 | D:6      | Noticed a hippogriff
  1607 | D:6      | Killed a hippogriff
  1607 | D:6      | Reached skill level 5 in Long Blades
  1670 | D:6      | Found a shimmering altar of Xom.
  1809 | D:5      | Entered Level 5 of the Dungeon
  1820 | D:5      | Reached XP level 8. HP: 32/51 MP: 9/9
  2081 | D:5      | Found Jafuthou's Distillery.
  2084 | D:5      | Bought a potion of ambrosia for 88 gold pieces
  2084 | D:5      | Bought a potion of flight for 33 gold pieces
  2084 | D:5      | Bought a potion of agility for 44 gold pieces
  2084 | D:5      | Bought a potion of lignification for 33 gold pieces
  2084 | D:5      | Bought a potion of magic for 88 gold pieces
  2111 | D:5      | Reached skill level 6 in Long Blades
  2149 | D:4      | Became a worshipper of Cheibriados the Contemplative
  2159 | D:4      | Found a deep blue altar of Sif Muna.
  2298 | D:4      | Found a sparkling altar of Nemelex Xobeh.
  2449 | D:5      | Noticed Grinder
  2461 | D:5      | Paralysed by Grinder for 7 turns
  2502 | D:5      | Paralysed by Grinder for 4 turns
  2512 | D:5      | Killed Grinder
  2512 | D:5      | Reached skill level 5 in Fighting
  2518 | D:5      | Reached XP level 9. HP: 51/58 MP: 10/10
  2557 | D:5      | Reached skill level 7 in Long Blades
  2564 | D:5      | Reached skill level 5 in Dodging
  2606 | D:5      | Reached * piety under Cheibriados
  2720 | D:5      | Found a radiant altar of Vehumet.
  3070 | D:5      | Reached ** piety under Cheibriados
  3890 | D:7      | Found a staircase to the Ecumenical Temple.
  3956 | D:7      | Noticed Dowan
  3957 | D:7      | Noticed Duvessa
  3969 | D:7      | Killed Duvessa
  3969 | D:7      | Reached skill level 8 in Long Blades
  3973 | D:7      | Killed Dowan
  4088 | D:8      | Noticed tilp's ghost (novice MfIE)
  4203 | D:8      | Reached *** piety under Cheibriados
  4340 | D:8      | Reached XP level 10. HP: 65/65 MP: 13/13
  4463 | D:8      | Reached skill level 5 in Invocations
  4525 | D:8      | Found a burning altar of Makhleb.
  4553 | D:8      | Reached skill level 9 in Long Blades
  4601 | D:8      | Noticed a two-headed ogre
  4621 | D:8      | Killed a two-headed ogre
  4768 | D:8      | Reached **** piety under Cheibriados
  4934 | D:9      | Reached skill level 10 in Long Blades
  4953 | D:9      | Reached XP level 11. HP: 54/75 MP: 15/15
  5071 | D:9      | Reached ***** piety under Cheibriados
  5088 | D:9      | Noticed a manticore
  5108 | D:9      | Killed a manticore
  5436 | D:10     | Entered Level 10 of the Dungeon
  5489 | D:10     | Identified a scroll of acquirement
  5560 | D:10     | Noticed a two-headed ogre
  5572 | D:10     | Killed a two-headed ogre
  5572 | D:10     | Reached skill level 11 in Long Blades
  5778 | D:10     | Found a sacrificial altar of Ru.
  5953 | D:10     | Noticed Gastronok
  5979 | D:10     | Reached skill level 12 in Long Blades
  6029 | D:10     | Was placed under penance by Cheibriados
  6053 | D:10     | Killed Gastronok
  6053 | D:10     | Reached XP level 12. HP: 22/81 MP: 17/17
  6069 | D:10     | Was forgiven by Cheibriados
  6198 | D:11     | Reached skill level 13 in Long Blades
  6328 | D:11     | Paralysed by a hornet for 2 turns
  6398 | D:11     | Found a white marble altar of Elyvilon.
  6498 | D:11     | Noticed a two-headed ogre
  6500 | D:11     | Killed an unseen horror
  6505 | D:11     | Noticed a two-headed ogre
  6505 | D:11     | Killed a two-headed ogre
  6505 | D:11     | Reached skill level 14 in Long Blades
  6521 | D:11     | Killed a two-headed ogre
  6946 | D:12     | Reached skill level 15 in Long Blades
  7017 | D:12     | Reached XP level 13. HP: 82/86 MP: 18/18
  7037 | D:12     | Found a staircase to the Orcish Mines.
  7095 | D:12     | Found a stormy altar of Qazlal.
  7355 | D:13     | Noticed a centaur warrior
  7370 | D:13     | Killed a centaur warrior
  7401 | D:13     | Reached skill level 16 in Long Blades
  7499 | D:13     | Noticed a centaur warrior
  7519 | D:13     | Killed a centaur warrior
  7561 | D:13     | Found Lalic's Armour Shoppe.
  7685 | D:13     | Found a frozen archway.
  7695 | IceCv    | Entered an ice cave
  7703 | IceCv    | Slain by a death yak simulacrum

Vault maps used:
D:1:      dpeg_arrival_chambers_temple_mockup, minmay_heptomino_h4
D:2:      first_ration, moated_statue, kennysheep_generic_room_3
D:3:      cheibrodos_greedy_goblins, cheibrodos_sewer_entry_drain
D:4:      nemelex_xobeh_ov_fountains_minmay, lemuel_round_altar,
          kennysheep_mini, minmay_misc_feat_four_crosses
D:5:      corexii_shantytown, vehumet_crystals, serial_shops,
          kennysheep_mini_moat, uniq_grinder
D:6:      kennysheep_little_box
D:7:      lemuel_ice_spiral_2, minmay_temple_entry_crystal_x, uniq_duvessa
D:8:      lemuel_crystal_altar, grunt_pizzeria
D:9:      cheibrodos_steamvent
D:10:     david_lair_shrubbed, nicolae_ru_awakened_eye, uniq_gastronok
D:11:     minivault_24, elyvilon_altar_1
D:12:     zombieorc2_lemuel, hangedman_decor_riveting,
          nicolae_qazlal_general_emergency
D:13:     serial_shops, nicolae_shop_behind_doors,
          portal_ice_cave_entry_pillars_2
Sewer:    sewer_co_tree
IceCv:    ice_cave_small_necro

Skill      XL: |  1  2  3  4  5  6  7  8  9 10 11 12 13 |
---------------+----------------------------------------+-----
Dodging        | 1 2 3 4 6 7 8 |  8.2
Fighting       | 3 4 5 7 |  7.5
Evocations     | 1 2 |  2.6
Long Blades    | 3 4 5 6 8 10 12 15 16 | 16.6
Armour         | 4 |  4.1
Invocations    | 1 2 4 6 7 |  7.0
Shields        | |  3.2

Action                   |  1- 3 |  4- 6 |  7- 9 | 10-12 | 13-15 || total
-------------------------+-------+-------+-------+-------+-------++-------
Melee: Long sword        |    75 |   112 |   425 |   779 |   193 ||  1584
       Scimitar          |       |       |       |       |     4 ||     4
Throw: Throwing net      |       |       |       |     3 |       ||     3
Invok: Temporal Distorti |       |       |       |     1 |       ||     1
       Slouch            |       |       |       |     5 |     8 ||    13
 Abil: Evoke Berserk Rag |     3 |     5 |     2 |       |       ||    10
Evoke: Wand              |       |       |       |     6 |       ||     6
  Use: Scroll            |     2 |       |    11 |     3 |     8 ||    24
       Potion            |       |     2 |     2 |     4 |       ||     8
 Stab: Held in net/web   |       |       |       |     2 |       ||     2
       Distracted        |       |       |       |       |     1 ||     1
  Eat: Chunk             |       |    11 |     7 |     7 |       ||    25
       Ration            |       |       |     1 |     1 |       ||     2
Armor: Scale mail        |    27 |    37 |   101 |   127 |     5 ||   297
       Skin              |       |       |    11 |    14 |       ||    25
       Troll leather arm |       |       |       |       |    19 ||    19
Dodge: Dodged            |    30 |    41 |   176 |   426 |    98 ||   771
Block: Shield            |    38 |    75 |   182 |   466 |    95 ||   856
       Rpst.: Long sword |    10 |    15 |    54 |   123 |    22 ||   224
       Scimitar          |       |       |       |       |     1 ||     1

Table legend:
 A = Spawn XP
 B = Non-spawn XP
 C = Spawn XP percentage of total XP
 D = Spawn monster count
 E = Non-spawn monster count
 F = Spawn count percentage of total count
 G = Total turns spent on level
                    A         B        C        D         E        F      G
               +---------+---------+-------+---------+---------+-------+---------
         Total |       0 |   34923 |   0.0 |       0 |     394 |   0.0 |  7703
               +---------+---------+-------+---------+---------+-------+---------
           D:1 |       0 |      14 |   0.0 |       0 |       8 |   0.0 |   247
           D:2 |       0 |      13 |   0.0 |       0 |       7 |   0.0 |   404
           D:3 |       0 |     195 |   0.0 |       0 |      41 |   0.0 |   644
           D:4 |       0 |     398 |   0.0 |       0 |      14 |   0.0 |   479
           D:5 |       0 |    1453 |   0.0 |       0 |      55 |   0.0 |   992
           D:6 |       0 |     640 |   0.0 |       0 |      13 |   0.0 |   791
           D:7 |       0 |     688 |   0.0 |       0 |      16 |   0.0 |   597
           D:8 |       0 |    2774 |   0.0 |       0 |      37 |   0.0 |   616
           D:9 |       0 |    4498 |   0.0 |       0 |      37 |   0.0 |   664
          D:10 |       0 |    6099 |   0.0 |       0 |      32 |   0.0 |   743
          D:11 |       0 |    6093 |   0.0 |       0 |      34 |   0.0 |   526
          D:12 |       0 |    5684 |   0.0 |       0 |      64 |   0.0 |   646
          D:13 |       0 |    6253 |   0.0 |       0 |      33 |   0.0 |   342
         IceCv |       0 |     121 |   0.0 |       0 |       3 |   0.0 |     8
               +---------+---------+-------+---------+---------+-------+---------
